 Dungeon Crawl Stone Soup version 0.27-a0-394-g49c82dfaf2 (webtiles) character file.

Game seed: 7234676431284174036

48641 DavidChitty2 the Fighter (level 14, -7/129 HPs)
             Began as a Pale Draconian Conjurer on Feb 18, 2021.
             Was a High Priest of Vehumet.
             Mangled by a large abomination (21 damage)
             ... on level 2 of the Abyss on Feb 20, 2021.
             The game lasted 01:29:21 (37363 turns).

DavidChitty2 the Fighter (Pale Draconian Conjurer) Turns: 37363, Time: 01:29:22

Health: -7/129     AC: 10    Str: 13    XL:     14   Next: 13%
Magic:  38/47      EV: 18    Int: 25    God:    Vehumet [*****.]
Gold:   1618       SH:  0    Dex: 15    Spells: 17/35 levels left

rFire    . . .     SeeInvis .   a - +5 shortbow of Dominance {flame, +Inv rElec MP+9 Str+4}
rCold    . . .     Faith    .   (shield currently unavailable)
rNeg     . . .     Spirit   .   (armour unavailable)
rPois    .         Reflect  .   (helmet restricted)
rElec    +         Harm     .   c - +2 cloak
rCorr    .         Rampage  .   f - +0 pair of gloves
Will     +....                  m - +1 pair of boots
Stlth    ++........             e - amulet of magic regeneration
HPRegen  0.31/turn              k - ring of magical power
MPRegen  0.55/turn              p - +6 ring of dexterity

@: corroded, slowed, very slow
A: breathe steam, unfitting armour, cold-blooded, AC +8
a: Breathe Steam, Renounce Religion, Evoke Invisibility


You were on level 2 of the Abyss.
You worshipped Vehumet.
Vehumet was extremely pleased with you.
You visited 3 branches of the dungeon, and saw 21 of its levels.
You visited the Abyss 1 time.

You collected 1713 gold pieces.
You spent 95 gold pieces at shops.

Inventory:

Hand Weapons
 a - the +5 shortbow of Dominance (weapon) {flame, +Inv rElec MP+9 Str+4}
   (You acquired it on level 5 of the Dungeon)

   It causes projectiles fired from it to burn those they strike, causing extra
   injury to most foes and up to half again as much damage against particularly
   susceptible opponents.
   It affects your strength (+4).
   It insulates you from electricity.
   It affects your magic capacity (+9).
   It lets you turn invisible.
 b - the +0 spear "Secret Weapon" {drain, rElec rC+++ Dex-4 Stlth+}
   (You found it on level 6 of the Dungeon)

   A truly terrible weapon, it drains the life of those it strikes.
   It affects your dexterity (-4).
   It renders you almost immune to cold.
   It insulates you from electricity.
   It makes you more stealthy.
Missiles
 D - 369 arrows (quivered ammo)
 J - a throwing net {!f}
 W - 23 poisoned darts
Armour
 c - a +2 cloak (worn)
   (You found it on level 1 of the Dungeon)
 f - a +0 pair of gloves (worn)
   (You found it on level 5 of the Dungeon)
 m - a +1 pair of boots (worn)
   (You found it on level 2 of the Lair of Beasts)
 Y - a +0 buckler
   (You took it off a tengu conjurer on level 14 of the Dungeon)
Magical Staves
 w - a staff of death
   (You found it on level 2 of the Lair of Beasts)
 U - a staff of poison
   (You found it on level 6 of the Lair of Beasts)
Jewellery
 e - an amulet of magic regeneration (around neck)
   (You found it on level 2 of the Dungeon)
 i - a ring of protection from fire
   (You found it on level 2 of the Lair of Beasts)
 k - a ring of magical power (left hand)
   (You found it on level 2 of the Dungeon)
 o - a ring of protection from cold
   (You took it off an orc on level 3 of the Dungeon)
 p - a +6 ring of dexterity (right hand)
   (You found it on level 4 of the Dungeon)
 y - a ring of resist corrosion
   (You found it on level 5 of the Lair of Beasts)
 z - a ring of see invisible
   (You found it on level 11 of the Dungeon)
 B - an amulet of reflection
   (You acquired it on level 5 of the Dungeon)
 O - a ring of willpower
   (You found it on level 6 of the Lair of Beasts)
 Z - a ring of ice
   (You found it on level 14 of the Dungeon)
Wands
 d - a wand of iceblast (8)
   (You took it off a centaur on level 11 of the Dungeon)
 q - a wand of polymorph (15)
   (You took it off a centaur on level 7 of the Dungeon)
 r - a wand of charming (8)
   (You found it on level 5 of the Dungeon)
 t - a wand of flame (19)
   (You found it on level 12 of the Dungeon)
 u - a wand of paralysis (19)
   (You found it on level 6 of the Dungeon)
 v - a wand of digging (13)
   (You found it on level 9 of the Dungeon)
 x - a wand of acid (14)
   (You took it off Pikel on level 7 of the Dungeon)
 K - a wand of mindburst (28)
   (You found it on level 10 of the Dungeon)
Scrolls
 l - 4 scrolls of teleportation {@r4}
 s - 6 scrolls of magic mapping
 C - a scroll of fear
 F - 8 scrolls of identify {@r1}
 H - 3 scrolls of enchant armour
 L - 2 scrolls of amnesia
 M - 4 scrolls of enchant weapon
 S - 2 scrolls of blinking
 V - a scroll of fog
Potions
 g - 2 potions of might
 h - 8 potions of curing {@q1}
 j - 2 potions of invisibility
 n - 7 potions of lignification {!q}
 A - 8 potions of attraction {!q}
 E - 2 potions of flight
 G - 4 potions of berserk rage
 I - 7 potions of ambrosia
 N - a potion of haste {@q3}
 P - 3 potions of brilliance
 Q - a potion of magic
 R - a potion of resistance
Miscellaneous
 T - a condenser vane
   (You found it on level 6 of the Lair of Beasts)


   Skills:
 * Level 13.5 Fighting
 + Level 9.5 Dodging
 - Level 1.7 Stealth
 + Level 11.4 Spellcasting
 - Level 8.0 Conjurations
 - Level 6.0 Summonings
 - Level 6.0 Necromancy
 - Level 5.0 Translocations
 - Level 6.0 Ice Magic
 + Level 6.3 Evocations


You had 17 spell levels left.
You knew the following spells:

 Your Spells              Type           Power        Failure   Level
a - Magic Dart            Conj           100%         1%          1
d - Summon Ice Beast      Ice/Summ       44%          3%          4
q - Animate Dead          Necr           22%          3%          4
s - Searing Ray           Conj           100%         1%          2
x - Iskenderun's Mystic   Conj/Tloc      46%          1%          4
z - Vampiric Draining     Necr           22%          1%          3

Your spell library contained the following spells:

 Spells                   Type           Power        Failure   Level
 Conjure Ball Lightning   Conj/Air       17%          30%         6
 Animate Skeleton         Necr           88%          1%          1
 Freeze                   Ice            100%         1%          1
 Pain                     Necr           100%         1%          1
 Sandblast                Erth           28%          1%          1
 Blink                    Tloc           N/A          1%          2
 Call Imp                 Summ           44%          1%          2
 Conjure Flame            Conj/Fire      34%          1%          3
 Dazzling Flash           Conj/Hex       68%          1%          3
 Frozen Ramparts          Ice            88%          1%          3
 Mephitic Cloud           Conj/Pois/Air  27%          1%          3
 Ozocubu's Armour         Ice            44%          1%          3
 Stone Arrow              Conj/Erth      68%          1%          3
 Hailstorm                Conj/Ice       49%          1%          4
 Fulminant Prism          Conj/Hex       17%          2%          4
 Passwall                 Tmut/Erth      11%          6%          2
 Slow                     Hex            14%          6%          2
 Agony                    Necr           44%          10%         5
 Ice Form                 Ice/Tmut       29%          12%         4
 Lee's Rapid Deconstruct  Erth           7%           28%         5
 Petrify                  Tmut/Erth      14%          38%         4
 Eringya's Noxious Bog    Tmut/Pois      7%           82%         6


Dungeon Overview and Level Annotations

Branches:
Dungeon (14/15)            Temple (1/1) D:5            Lair (6/6) D:9
  Swamp (0/4) Lair:3       Spider (0/4) Lair:2        Slime (0/5) Lair:6
    Orc (0/2) D:10
 Vaults: D:13-14

Altars:
Ashenzari
Cheibriados
Dithmenos
Elyvilon
Fedhas
Gozag
Hepliaklqana
Kikubaaqudgha
Makhleb
Nemelex Xobeh
Okawaru
Qazlal
Ru
Sif Muna
Trog
Uskayaw
Vehumet
Xom
Yredelemnul
Zin
The Shining One
Jiyva

Shops:
D:4 ?   D:8 *   D:9 ?   D:10 (   D:13 *

Annotations:
Lair:3 3 runed translucent doors, PeterLawrence's ghost, journeyman MiFi; Siteim's ghost, journeyman MiAK; Vias's ghost, journeyman DsWn
Lair:5 3 runed translucent doors, Ezab's ghost, journeyman MiFi


Innate Abilities, Weirdness & Mutations

You can breathe blasts of scalding, opaque steam.
Your pale cyan-grey scales are hard. (AC +8)
You cannot fit into any form of body armour.
You are cold-blooded and may be slowed by cold attacks.


Message History

The blink frog blinks!
A blink frog is nearby!
Aim: a blink frog (moderately wounded, ally target, 0% to evade)
The magic dart hits the blink frog.
Your ice beast hits the blink frog.
Your ice beast freezes the blink frog!
The blink frog seems to slow down.
Aim: a blink frog (almost dead, slow, ally target, 0% to evade)
The magic dart hits the blink frog.
You kill the blink frog!
Vehumet accepts your kill.
You feel your power returning.
You start resting.
A large abomination is nearby!
What are your orders? t - Shout!
Orders for allies: a - Attack new target. r - Retreat! s - Stop attacking. g - Guard the area. f - Follow me.
Anything else - Cancel.
Gang up on whom?
Aim: a large abomination Attack!
The large abomination hits your ice beast!!
Your ice beast dies!
You swap places.
The large abomination hits your ice beast!
Your ice beast hits the large abomination but does no damage. x2
Your ice beast hits the large abomination but does no damage.
The large abomination hits you!
* * * LOW HITPOINT WARNING * * *
Found a silvery potion.
A chill wind blows around you. The large abomination hits you!!
* * * LOW HITPOINT WARNING * * *
Your ice beast barely misses the large abomination.
You hear a roar!
You hear a shout!
Deactivating autopickup; reactivate with Ctrl-A.
You completely miss something. You tail-slap something.
A yellow draconian comes into view. It is wielding a +0 battleaxe.
The large abomination misses you. Something hits you.
* * * LOW HITPOINT WARNING * * *
Something drains your vigour!
You feel yourself slow down.
Your ice beast completely misses the large abomination.
Your ice beast hits the large abomination but does no damage.
The yellow draconian throws acid at you.
The glob of acid hits something!
The acid corrodes something!
The acid splashes onto you! The acid corrodes you!
You are splashed with acid.
* * * LOW HITPOINT WARNING * * *
The large abomination hits you!!
You die...

..##.#.....#
## .#..##.##
#...#.#.Y#..
###..#.#...#..
#..
.####......
#..#.#...# .
## ###YY.# #
## #.#X#.#
#..@# #
#.#.{#.. ..
##.### ## d#.
# . .. !# .#


You could see a yellow draconian (catching breath), a large abomination (ally
target) and 2 friendly ice beasts.

Vanquished Creatures
  A boulder beetle (Lair:5)
  A centaur warrior (D:13)
  A tengu warrior (D:14)
  A death yak (Lair:3)
  A wizard (D:14)
  Pikel (D:7)
  An ugly thing (D:11)
  Joseph (D:9)
  A centaur zombie (D:11)
  5 cane toads
  3 centaur skeletons
  6 komodo dragons
  A queen bee (Lair:3)
  3 jumping spiders (Lair:5)
  A troll (D:10)
  6 blink frogs
  A ynoxinul (Abyss:2)
  21 yaks
  A wyvern (D:11)
  2 steam dragons
  Duvessa (D:5)
  A small abomination (Abyss:2)
  9 water moccasins
  A nameless horror (D:11)
  6 sky beasts
  A black bear (Lair:4)
  4 ice beasts
  3 ogres
  4 orc warriors
  8 centaurs
  8 wolves
  2 phantoms
  Blork the orc (D:5)
  A lemure (D:7)
  13 bullfrogs
  Dowan (D:5)
  A water moccasin zombie (D:11)
  A wyvern skeleton (D:9)
  A scorpion (D:4)
  26 killer bees
  9 wights
  3 howler monkeys (D:7)
  A quasit (D:5)
  A jelly (D:11)
  8 hounds
  9 orc priests
  2 bullfrog skeletons
  3 iguanas
  8 orc wizards
  8 worker ants
  A hound skeleton (D:10)
  3 worker ant zombies
  Robin (D:4)
  12 adders
  An ufetubus (D:6)
  An ooze (D:1)
  An adder zombie (D:8)
  An adder skeleton (D:4)
  5 worms
  2 dart slugs (D:1)
  6 leopard geckos
  48 orcs
  7 giant cockroaches
  21 goblins
  6 hobgoblins
  12 jackals
  3 kobolds (D:2)
  5 quokkas
  5 ball pythons
  8 bats
  4 frilled lizards
  2 leopard gecko zombies
  A quokka skeleton (D:7)
  14 rats
374 creatures vanquished.

Vanquished Creatures (collateral kills)
  A boulder beetle (Lair:5)
  5 hydras
  2 centaur warriors
  A two-headed ogre (D:11)
  A tengu warrior (D:13)
  11 death yaks
  A lindwurm (Lair:5)
  2 deep elf pyromancers
  3 cyclopes
  A manticore (D:13)
  2 ugly things
  A black mamba (Lair:5)
  A centaur zombie (D:14)
  A gargoyle (D:14)
  25 cane toads
  13 komodo dragons
  A centaur skeleton (D:14)
  2 rime drakes
  A tengu conjurer (D:14)
  2 jumping spiders (Lair:5)
  2 trolls
  4 tyrant leeches
  7 dream sheep (Lair:4)
  8 slime creatures
  22 blink frogs
  2 wraiths
  A ynoxinul (Abyss:2)
  A redback (Lair:5)
  A vampire (D:14)
  A tarantella (Lair:5)
  2 wyverns
  48 yaks
  A basilisk (Lair:3)
  14 vampire mosquitoes
  A swamp worm (Lair:3)
  An acid dragon (D:14)
  6 water moccasins
  3 orc warriors
  A black bear (Lair:1)
  17 wolves
  A phantom (D:13)
  19 bullfrogs
  2 small abominations (Abyss:2)
  3 killer bees (Lair:3)
  A howler monkey (D:14)
  An electric eel (Lair:6)
  A nameless horror (Lair:5)
  A hound (D:12)
  An iron imp (Abyss:2)
  A worker ant (D:13)
  An orc wizard (D:11)
  6 hell rats (Lair:5)
  4 orcs
  2 butterflies (Lair:5)
264 creatures vanquished.

Vanquished Creatures (others)
  3 bushes (Lair:4)
  50 fungi
  149 plants
  4 withered plants (Lair:3)
206 creatures vanquished.

Grand Total: 844 creatures vanquished

Notes
Turn   | Place    | Note
-------+----------+-------------------------------------------
     0 | D:1      | DavidChitty2 the Draconian Conjurer began the quest for the
                  | Orb.
     0 | D:1      | Reached XP level 1. HP: 14/14 MP: 3/3
   335 | D:1      | Reached XP level 2. HP: 22/22 MP: 1/5
   393 | D:1      | Learned a level 2 spell: Searing Ray
   574 | D:1      | Reached skill level 1 in Fighting
  1022 | D:1      | Reached XP level 3. HP: 24/28 MP: 0/6
  2080 | D:2      | Reached XP level 4. HP: 36/36 MP: 5/7
  2104 | D:2      | Learned a level 4 spell: Iskenderun's Mystic Blast
  2395 | D:2      | Reached skill level 5 in Conjurations
  2522 | D:2      | Found a sacrificial altar of Ru.
  2957 | D:3      | Noticed a water moccasin
  2966 | D:3      | Killed a water moccasin
  2967 | D:3      | Reached skill level 2 in Fighting
  2967 | D:3      | Reached skill level 1 in Translocations
  2967 | D:3      | Reached XP level 5. HP: 42/42 MP: 9/9
  3513 | D:3      | Reached XP level 6. HP: 38/50 MP: 10/10
  3882 | D:4      | Found Nonyucos's Magic Scroll Shoppe.
  4074 | D:4      | Bought a scroll of teleportation for 30 gold pieces
  4113 | D:4      | Found an ancient bone altar of Kikubaaqudgha.
  4122 | D:4      | Reached skill level 3 in Fighting
  4160 | D:4      | Noticed Robin
  4168 | D:4      | Killed Robin
  4525 | D:4      | Your scales start taking on a pale cyan-grey colour.
  4525 | D:4      | Reached XP level 7. HP: 56/57 MP: 12/12
  4820 | D:5      | Entered Level 5 of the Dungeon
  4850 | D:5      | Found a sparkling altar of Nemelex Xobeh.
  4857 | D:5      | Noticed Blork the orc
  4866 | D:5      | Killed Blork the orc
  4916 | D:5      | Found a staircase to the Ecumenical Temple.
  4925 | Temple   | Entered the Ecumenical Temple
  4979 | Temple   | Became a worshipper of Vehumet
  5362 | D:5      | Found a shimmering blue altar of Sif Muna.
  5428 | D:5      | Identified 3 scrolls of acquirement
  5428 | D:5      | Acquired an amulet of reflection
  5429 | D:5      | Acquired the +5 shortbow of Dominance {flame, +Inv rElec
                  | MP+9 Str+4}
  5430 | D:5      | Acquired the Grimoire of Icy Moulding
  5729 | D:5      | Found an opulent altar of Gozag.
  5854 | D:5      | Noticed Duvessa
  5854 | D:5      | Noticed Dowan
  5877 | D:5      | Killed Duvessa
  5878 | D:5      | Reached skill level 4 in Fighting
  5884 | D:5      | Killed Dowan
  6402 | D:6      | Noticed a moth of wrath
  6405 | D:6      | Found a bloodstained altar of Trog.
  6655 | D:6      | Reached XP level 8. HP: 54/67 MP: 14/14
  6910 | D:6      | Reached skill level 5 in Fighting
  7040 | D:6      | Got a scorched spear
  7041 | D:6      | Identified the +0 spear "Secret Weapon" {drain, rElec rC+++
                  | Dex-4 Stlth+} (You found it on level 6 of the Dungeon)
  7477 | D:7      | Found a radiant altar of Vehumet.
  7513 | D:7      | Reached skill level 1 in Evocations
  7713 | D:7      | Reached skill level 5 in Spellcasting
  7800 | D:7      | Found a shimmering altar of Xom.
  7850 | D:7      | Reached * piety under Vehumet
  7850 | D:7      | Offered knowledge of Sandblast by Vehumet.
  8099 | D:7      | Learned a level 4 spell: Summon Ice Beast
  8106 | D:7      | Noticed Pikel
  8115 | D:7      | Killed Pikel
  8116 | D:7      | Reached skill level 6 in Fighting
  8116 | D:7      | Reached skill level 1 in Summonings
  8116 | D:7      | Reached XP level 9. HP: 34/75 MP: 17/17
  9001 | D:8      | Found Narphem's Assorted Antiques.
 10005 | D:9      | Found a blossoming altar of Fedhas.
 10008 | D:9      | Found a shadowy altar of Dithmenos.
 10032 | D:9      | Found a hazy altar of Hepliaklqana.
 10044 | D:9      | Found a glowing golden altar of the Shining One.
 10150 | D:9      | Got a crude pewter ring
 10152 | D:9      | Identified the ring of the Cricket {*Drain rCorr Str+6
                  | SInv} (You found it on level 9 of the Dungeon)
 10542 | D:9      | Found a staircase to the Lair.
 10619 | D:9      | Noticed Joseph
 10712 | D:9      | Killed Joseph
 10713 | D:9      | Reached skill level 7 in Fighting
 10713 | D:9      | Reached XP level 10. HP: 55/86 MP: 19/19
 10954 | D:9      | Reached ** piety under Vehumet
 11119 | D:9      | Offered knowledge of Shock by Vehumet.
 11120 | D:9      | Reached skill level 5 in Evocations
 11437 | D:9      | Found Peshre's Magic Scroll Emporium.
 11519 | D:10     | Entered Level 10 of the Dungeon
 11689 | D:10     | Reached skill level 5 in Ice Magic
 11776 | D:10     | Found a staircase to the Orcish Mines.
 11776 | D:10     | Found Tevicez's Weapon Shoppe.
 12178 | D:10     | Offered knowledge of Static Discharge by Vehumet.
 12281 | D:10     | Reached skill level 5 in Summonings
 12740 | D:11     | Reached skill level 8 in Fighting
 13286 | D:11     | Noticed a cyan ugly thing
 13303 | D:11     | Killed a red ugly thing
 13584 | D:11     | Reached *** piety under Vehumet
 13950 | D:11     | Reached XP level 11. HP: 84/95 MP: 22/22
 13951 | D:11     | Reached skill level 5 in Translocations
 14203 | D:11     | Found a burning altar of Makhleb.
 14203 | D:11     | Noticed a deep elf pyromancer
 14295 | Lair:1   | Entered Level 1 of the Lair of Beasts
 14322 | Lair:1   | Offered knowledge of Stone Arrow by Vehumet.
 14957 | Lair:1   | Learned a level 3 spell: Vampiric Draining
 15040 | Lair:1   | Reached skill level 9 in Fighting
 15062 | Lair:1   | Reached **** piety under Vehumet
 15085 | Lair:1   | Reached skill level 1 in Necromancy
 15258 | Lair:1   | Learned a level 4 spell: Animate Dead
 16236 | Lair:2   | Offered knowledge of Bolt of Magma by Vehumet.
 16862 | Lair:2   | Found a hole to the Spider Nest.
 17536 | Lair:3   | Found a staircase to the Swamp.
 17768 | Lair:3   | Noticed a seven-headed hydra
 17778 | Lair:3   | Killed a seven-headed hydra
 17779 | Lair:3   | Reached skill level 5 in Dodging
 18110 | Lair:3   | Noticed a six-headed hydra
 18118 | Lair:3   | Killed a six-headed hydra
 18301 | Lair:3   | Found a runed translucent gate.
 18302 | Lair:3   | Found a runed translucent gate.
 18303 | Lair:3   | Found a runed translucent gate.
 18361 | Lair:3   | Noticed PeterLawrence's ghost (journeyman MiFi)
 18361 | Lair:3   | Noticed Siteim's ghost (journeyman MiAK)
 18362 | Lair:3   | Noticed Vias's ghost (journeyman DsWn)
 18852 | Lair:3   | Reached XP level 12. HP: 65/106 MP: 24/24
 19217 | Lair:3   | Reached ***** piety under Vehumet
 19217 | Lair:3   | Offered knowledge of Iron Shot by Vehumet.
 19232 | Lair:3   | Reached skill level 10 in Fighting
 20118 | Lair:4   | Reached skill level 5 in Necromancy
 20338 | Lair:4   | Noticed a death yak
 20338 | Lair:4   | Noticed a death yak
 20338 | Lair:4   | Noticed a death yak
 20352 | Lair:4   | Noticed a death yak
 20354 | Lair:4   | Noticed a death yak
 20373 | Lair:4   | Noticed a death yak
 20423 | Lair:3   | Killed a death yak
 20800 | Lair:4   | Got a warped short sword
 21367 | Lair:4   | Killed a death yak
 21395 | Lair:3   | Killed a death yak
 21557 | Lair:3   | Killed a death yak
 21574 | Lair:3   | Killed a death yak
 22122 | Lair:4   | Killed a death yak
 23410 | Lair:5   | Reached skill level 11 in Fighting
 23743 | Lair:5   | Found a runed translucent gate.
 23743 | Lair:5   | Found a runed translucent gate.
 23743 | Lair:5   | Found a runed translucent gate.
 23745 | Lair:5   | Noticed a ten-headed hydra
 23745 | Lair:5   | Noticed a nine-headed hydra
 23745 | Lair:5   | Noticed Ezab's ghost (journeyman MiFi)
 23746 | Lair:5   | Noticed a ten-headed hydra
 24446 | Lair:5   | Reached skill level 10 in Spellcasting
 25314 | Lair:5   | Found a runed translucent door.
 25529 | Lair:5   | Got a slimy whip
 25551 | Lair:5   | Reached XP level 13. HP: 95/116 MP: 27/27
 25631 | Lair:5   | Got a bloodstained hat
 26649 | Lair:5   | Identified the +1 whip "Ketomus" {vorpal, +Rage Int+3} (You
                  | found it on level 5 of the Lair of Beasts)
 26657 | Lair:5   | Identified the +2 hat of the Many Leaping Teeth {-Tele Harm
                  | rN+} (You found it on level 5 of the Lair of Beasts)
 26683 | Lair:6   | Entered Level 6 of the Lair of Beasts
 26833 | Lair:6   | Offered knowledge of Irradiate by Vehumet.
 27189 | Lair:6   | Reached skill level 12 in Fighting
 27781 | Lair:6   | Found a shadowy altar of Dithmenos.
 29001 | Lair:6   | Found a viscous altar of Jiyva.
 29240 | Lair:6   | Found a staircase to the Slime Pits.
 30249 | Lair:6   | Found a shadowy altar of Dithmenos.
 31231 | Lair:6   | Found a staircase to the Slime Pits.
 31231 | Lair:6   | Found a viscous altar of Jiyva.
 31827 | D:11     | Offered knowledge of Conjure Ball Lightning by Vehumet.
 33596 | D:13     | Found a glowing golden altar of the Shining One.
 33596 | D:13     | Noticed an angel
 33601 | D:13     | Found Tijuleaq's Hallowed Reliquary.
 33606 | D:13     | Bought a potion of heal wounds for 65 gold pieces
 33749 | D:13     | Reached skill level 13 in Fighting
 35161 | D:13     | Upgraded the game from 0.27-a0-385-g3208abaabc to
                  | 0.27-a0-394-g49c82dfaf2
 35496 | D:14     | Reached XP level 14. HP: 29/129 MP: 29/29
 36946 | D:14     | Cast into level 2 of the Abyss (a wizard)
 37363 | Abyss:2  | Mangled by a large abomination

Illustrated notes

Levels and vault maps discovered:
D:1:      dpeg_arrival_ternary, layout_rooms
D:2:      layout_basic, general_overflow_altar, nicolae_overflow_hidden_temple,
          minmay_pentomino_t4
D:3:      layout_basic, serial_bayou_ford_a
D:4:      layout_loops_cross, lemuel_doored_altar, serial_shops, shop,
          uniq_robin
D:5:      layout_gridville, grunt_gozag_breadcrumbs,
          nemelex_xobeh_ov_fountains_minmay, led_sif_pool,
          minmay_temple_entry_statues_pillars, grunt_ministairs_7,
          uniq_blork_the_orc, uniq_duvessa
D:6:      layout_loops_ring, tgw_trog
D:7:      layout_basic, kennysheep_mini, basic_altar, uniq_pikel
D:8:      layout_loops_corners, serial_shops, shop
D:9:      layout_loops_corners, grunt_temple_overflow_cloverleaf,
          dpeg_oklobed_lair, serial_shops, nicolae_shop_trees,
          minmay_tree_intersection, minmay_chambers_of_fives, uniq_joseph
D:10:     layout_roguey, orc_david_3, kennysheep_generic_room_15
D:11:     layout_basic, david_defended_altar_elf
D:12:     layout_roguey
D:13:     layout_rooms, nicolae_good_shop
D:14:     layout_cave_pools, skrybe_vaults_entry_preservation,
          nicolae_benzene_ring
Temple:   cyrus_temple_forest
Lair:1:   layout_chaotic_city, beast_lair_carwin_6
Lair:2:   layout_cellular_growth, spider_nest_entry_web_field,
          minmay_hedge_maze, grunt_megastairs_2, infiniplex_staircase_pool
Lair:3:   layout_roguey [special_room_bee], minmay_swamp_entry_worms,
          gammafunk_ghost_cemetery, fungi_pond_lemuel, grunt_megastairs_5
Lair:4:   layout_loops_ring, grunt_megastairs_4
Lair:5:   gammafunk_indiana_jones, layout_regular_city,
          gammafunk_ghost_hydra_chop, pond, lemuel_fruit_fields
Lair:6:   minmay_lair_end_frog_pond, layout_cave_shapes, slime_altar_1,
          basic_altar, nicolae_quartered_pool_super
Abyss:2:  base: Lair:1, hangedman_decor_lopped

Skill      XL: |  1  2  3  4  5  6  7  8  9 10 11 12 13 14 |
---------------+-------------------------------------------+-----
Fighting       | 1 2 3 4 6 7 8 9 11 13 | 13.5
Conjurations   | 5 6 7 8 |  8.0
Spellcasting   | 3 4 5 6 7 8 10 11 | 11.4
Translocations | 1 2 3 4 5 |  5.0
Evocations     | 3 4 5 6 |  6.3
Summonings     | 1 4 5 6 |  6.0
Ice Magic      | 2 4 5 6 |  6.0
Dodging        | 3 5 7 9 |  9.5
Necromancy     | 4 6 |  6.0
Stealth        | |  1.7

Action                   |  1- 3 |  4- 6 |  7- 9 | 10-12 | 13-15 || total
-------------------------+-------+-------+-------+-------+-------++-------
Melee: Unarmed           |     5 |       |     7 |       |       ||    12
       Whip              |    10 |       |       |       |       ||    10
       Shortbow          |       |       |       |       |     1 ||     1
       Tailslap          |       |       |       |       |     1 ||     1
Throw: Dart              |       |       |    12 |     8 |     9 ||    29
 Cast: Magic Dart        |    91 |   132 |   202 |   544 |   270 ||  1239
       Searing Ray       |     3 |     7 |    52 |    90 |    22 ||   174
       Iskenderun's Myst |       |       |     1 |     2 |     4 ||     7
       Summon Ice Beast  |       |       |       |   203 |   279 ||   482
       Vampiric Draining |       |       |       |     2 |     1 ||     3
       Animate Dead      |       |       |       |     6 |    12 ||    18
  Use: Scroll            |       |    11 |     6 |    12 |     3 ||    32
       Potion            |       |       |     1 |     1 |     4 ||     6
Armor: Skin              |     9 |    32 |    40 |   164 |   128 ||   373
Dodge: Dodged            |    27 |    35 |    68 |   371 |   372 ||   873
Block: Other             |       |       |    30 |   102 |    65 ||   197
       Reflection        |       |       |     3 |     1 |       ||     4

Table legend: (Time is in decaauts)
 A = Elapsed time spent in this place.
 B = Non-inter-level travel time spent in this place.
 C = Inter-level travel time spent in this place.
 D = Time resting spent in this place.
 E = Time spent auto-exploring this place.
 F = Levels seen in this place.
 G = Mean time per level.
                   A        B        C        D        E       F      G
               +--------+--------+--------+--------+--------+-----+--------+
         Total |  37427 |  36238 |   1189 |  15787 |  14522 |  22 | 1701.2 |
       Dungeon |  19662 |  18989 |    673 |   7657 |   8442 |  14 | 1404.4 |
        Temple |     95 |     55 |     40 |      0 |     45 |   1 |   95.0 |
          Lair |  17252 |  16776 |    476 |   8124 |   5812 |   6 | 2875.3 |
         Abyss |    417 |    417 |      0 |      6 |    223 |   1 |  417.0 |
               +--------+--------+--------+--------+--------+-----+--------+

Top non-repeatable levels by time:
  Lair:5: 5328 daAuts
  Lair:3: 3248 daAuts
  Lair:6: 3155 daAuts
    D:11: 2684 daAuts
    D:13: 2663 daAuts
  Lair:4: 2432 daAuts
     D:9: 1784 daAuts
  Lair:1: 1644 daAuts
     D:7: 1529 daAuts
     D:1: 1443 daAuts
  Lair:2: 1442 daAuts
     D:2: 1333 daAuts
     D:3: 1264 daAuts
     D:6: 1248 daAuts
     D:5: 1147 daAuts
